 Dungeon Crawl Stone Soup version 0.19.5 (webtiles) character file.

545631 RaHiT the Warrior (level 25, 0/211 HPs)
             Began as a Demonspawn Chaos Knight on May 7, 2017.
             Killed from afar by a fire giant (33 damage)
             ... with a fireball
             ... on level 5 of the Vaults on May 8, 2017.
             The game lasted 08:33:57 (53877 turns).

RaHiT the Warrior (Demonspawn Chaos Knight)        Turns: 53877, Time: 08:33:58

Health: 0/211      AC: 30    Str: 27    XL:     25   Next: 39%
Magic:  0/45       EV: 23    Int: 12    God:    Xom [..*...]
Gold:   4410       SH: 21    Dex: 14    Spells: 0 memorised, 24 levels left

rFire  . . .     SeeInvis +     H - +9 double sword (slice)
rCold  + . .     Gourm    .     C - +7 chain mail of Etzymm {rElec}
rNeg   . . .     Faith    .     G - +2 shield
rPois  +         Spirit   +     (helmet unavailable)
rElec  +         Reflect  +     E - +2 cloak {MR+}
rCorr  .         Harm     .     p - +2 pair of gloves {archery}
MR     ++...                    (boots unavailable)
Stlth  ..........               X - +4 amulet of reflection
                                m - +5 ring of evasion
                                a - ring of Peace {rPois MP+9 Str+4}

@: very slightly contaminated, hasted, studying 2 skills, repel missiles,
drained, very quick
A: antennae 3, claws 1, talons 3, repulsion field 3, blink, cold resistance 1,
dopey 1, regeneration 2, shaggy fur 1, electricity resistance, spiny 3, wild
magic 2, magic shield, magic regeneration, magic link
a: Blink, Renounce Religion
}: 2/15 runes: decaying, gossamer


You were on level 5 of the Vaults.
You worshipped Xom.
You were a toy of Xom.
You were not hungry.

You visited 8 branches of the dungeon, and saw 44 of its levels.
You also visited: Ice Cave, Volcano and Wizlab.

You collected 6798 gold pieces.
You spent 2388 gold pieces at shops.

Inventory:

Hand Weapons
 k - the +11 falchion of Goaty {freeze, rC++ Dex+4}
   (You found it on level 1 of the Elven Halls)

   It has been specially enchanted to freeze those struck by it, causing extra
   injury to most foes and up to half again as much damage against particularly
   susceptible opponents.
   It can also slow down cold-blooded creatures.
   It affects your dexterity (+4).
   It greatly protects you from cold.
 B - a +3 double sword of electrocution
 H - a +9 double sword of slicing (weapon)
Armour
 p - a +2 pair of gloves of archery (worn)
 C - the +7 chain mail of Etzymm (worn) {rElec}
   (You bought it in a shop on level 2 of the Orcish Mines)

   It insulates you from electricity.
 E - a +2 cloak of magic resistance (worn)
 G - a +2 shield (worn)
Rods
 U - a -2 rod of ignition (12/12)
   (You found it on level 13 of the Dungeon)
Jewellery
 a - the ring of Peace (left hand) {rPois MP+9 Str+4}
   (You found it on level 3 of the Elven Halls)

   [ring of poison resistance]

   It affects your strength (+4).
   It protects you from poison.
   It affects your magic capacity (+9).
 m - a +5 ring of evasion (right hand)
 X - a +4 amulet of reflection (around neck)
Wands
 t - a wand of teleportation (5/9)
 x - a wand of acid (9/15)
 I - a wand of paralysis (8/24)
 J - a wand of acid (5/15)
 Z - a wand of hasting (1/9)
Scrolls
 b - 5 scrolls of blinking
 d - 12 scrolls of teleportation
 e - 4 scrolls of vulnerability
 h - 14 scrolls of remove curse
 l - a scroll of summoning
 y - 2 scrolls of amnesia
 z - 12 scrolls of magic mapping
 D - a scroll of enchant armour
 F - 2 scrolls of identify
 O - 3 scrolls of recharging
 P - 5 scrolls of silence
 Q - 2 scrolls of fog
 W - 2 scrolls of fear
Potions
 i - 5 potions of invisibility
 j - 2 potions of haste
 o - 8 potions of might
 r - 2 potions of cancellation
 v - 3 potions of resistance
 w - a potion of heal wounds
 M - a potion of berserk rage
 N - 2 potions of cure mutation
 S - 13 potions of curing
 T - 8 potions of flight
 V - 2 potions of ambrosia
Books
 c - a manual of Evocations
 R - a manual of Dodging
Miscellaneous
 g - a disc of storms
 n - 3 phantom mirrors
 K - 2 sacks of spiders
 L - a phial of floods
 Y - 2 boxes of beasts
Comestibles
 f - 5 bread rations
 q - 9 slices of pizza
 s - 11 meat rations
 u - 7 chunks of flesh


   Skills:
 - Level 20.2(19.1) Fighting
 - Level 20.0(18.9) Long Blades
 - Level 20.0(18.9) Armour
 - Level 8.9(8.1) Dodging
 * Level 16.9(15.9) Shields
 - Level 18.0(17.0) Evocations


You had 24 spell levels left.
You didn't know any spells.

Dungeon Overview and Level Annotations

Branches:
Dungeon (15/15)            Temple (0/1) D:5            Lair (6/6) D:11
  Swamp (4/4) Lair:2       Spider (4/4) Lair:3        Slime (0/5) Lair:6
    Orc (2/2) D:10            Elf (3/3) Orc:2        Vaults (5/5) D:13
  Crypt (0/3) Vaults:3     Depths (5/5)                 Zot (0/5) Depths:5

Altars:
Cheibriados
Dithmenos
Elyvilon
Fedhas
Kikubaaqudgha
Nemelex Xobeh
Okawaru
Qazlal
Sif Muna
Trog
Uskayaw
Xom
Yredelemnul
The Shining One
Beogh
Jiyva

Shops:
D:9 [   D:11 :   D:13 =   D:14 [   Orc:2 [([:   Elf:2 [   Elf:3 [   Depths:1 *
Depths:4 (}=}

Portals:
Hell: Depths:1 Depths:2 Depths:3 Depths:4 Depths:5
Abyss: Depths:3 Depths:4
Pandemonium: Depths:1 Depths:3 Depths:4 Depths:5
Ziggurat: Depths:3

Annotations:
Depths:5 1 runed door


Innate Abilities, Weirdness & Mutations

You have claws for feet.
You are surrounded by a strong repulsion field. (EV +4, RMsl)
Your flesh is cold resistant. (rC+)
You are completely covered in sharp spines.
When hurt, damage is shared between your health and your magic reserves.
You regenerate magic rapidly.
When low on magic, you restore magic in place of health.
You have a pair of large antennae on your head. (SInv)
You have sharp fingernails.
You can translocate small distances at will.
You are dopey. (Int -2)
You heal very quickly.
You are covered in fur. (AC +1)
You are resistant to electric shocks. (rElec)
Your spells are harder to cast, but more powerful.


Message History

Okay, then.
You hear a distant "Zot"!
You blink.
You feel slightly more hungry.
The deep elf high priest barely misses you.
Unknown command.
You feel much better.
The deep elf high priest barely misses you.
You blink.
You feel slightly more hungry.
The vault guard hits you from afar with a halberd.
* * * LOW HITPOINT WARNING * * *
Unknown command.
Okay, then.
Press: ? - help, v - describe, . - travel
Here: a fire giant, wielding a great sword of flaming (severely wounded, spells empowered)
The floor.
You feel much better.
The fire giant gestures at you while chanting.
The fireball explodes!
The fireball engulfs you!
You die...
Xom titters!

,, ,,#....#..........##.##......
, *,,#....#)#.##.##..##.##..##.#
, , #....#...##.##..##.##..##.# ,
, #....#.#...:......=........ ,,
#....#)..##.##..##.##..##.# ,, ,
#....#.#.##.##..##.##..##.# ,{,
,#....#ยง..p.................
...#....#.#.#.#.#.#.#.#.#.#.#.
.........))eDC@................
**###........####################
,,...............................
,...............................
###############################


You could see a shadow dragon, a fire giant, a vault guard and a deep elf high
priest.

Vanquished Creatures
  3 juggernauts
  Bai Suzhen (Vaults:3)
  A caustic shrike (D:15)
  Saint Roka (D:15)
  The ghost of toffzen the Earth Mage, an adept GrEE of Vehumet (Vaults:3)
  8 golden dragons
  5 liches
  A doom hound (Swamp:3)
  5 tentacled monstrosities
  Jorgrun (Vaults:3)
  An Ice Fiend (IceCv)
  An iron giant (Vaults:4)
  A deep elf master archer (Elf:3)
  5 quicksilver dragons
  The ghost of AAAAA the Markself, an adept HEGl of Okawaru (Elf:3)
  4 titans
  7 sphinxes
  Gastronok (Lair:3)
  2 ancient champions (WizLab)
  4 storm dragons
  6 tengu reavers
  6 shadow dragons
  Roxanne (Elf:2)
  The ghost of VanClaymore the Phalangite, an adept MfGl of Okawaru (Swamp:4)
  15 frost giants
  A draconian knight (Depths:5)
  14 fire giants
  4 ghost moths
  A balrug (D:13)
  2 emperor scorpions
  2 draconian scorchers (Depths:5)
  4 vault wardens
  3 iron dragons
  9 deep elf sorcerers
  6 deep elf elementalists (Elf:3)
  An orc warlord (Orc:1)
  The ghost of Keye the Cleaver, a journeyman MiFi of Makhleb (Lair:5)
  3 large abominations
  7 spriggan defenders
  A caustic shrike skeleton (Depths:1)
  3 reapers
  21 stone giants
  6 entropy weavers
  8 ironheart preservers
  4 vampire knights
  38 very ugly things
  A black draconian (Depths:5)
  Nessos (Lair:6)
  A green draconian (Depths:5)
  6 deep elf annihilators
  A lorocyproca (Depths:4)
  A dire elephant (Lair:6)
  A purple draconian (Depths:5)
  16 spark wasps
  4 deep elf demonologists
  Azrael (Spider:1)
  2 red draconians (Depths:5)
  2 yellow draconians (Depths:5)
  A dire elephant (shapeshifter) (Depths:3)
  2 white draconians (Depths:5)
  3 mottled draconians (Depths:5)
  6 deep elf death magi
  24 ettins
  A minotaur (Depths:4)
  10 fire dragons
  4 jiangshi
  3 deep elf high priests
  14 yaktaur captains
  2 ghost crabs
  4 spriggan air magi
  10 ice dragons
  11 hydras
  The ghost of monokles the Nimble, a journeyman DsMo of Ru (D:11)
  6 rakshasas
  8 great orbs of eyes
  28 vault guards
  5 catoblepae
  9 centaur warriors
  29 dancing weapons
  4 vampire magi
  16 alligators
  4 queen ants
  17 ogre magi
  14 deep troll earth magi
  11 deep troll shamans
  3 death knights
  15 death yaks
  8 tengu warriors
  2 orc high priests
  8 spriggan berserkers
  7 hell knights
  6 spriggans
  25 deep elf knights
  5 shadow wraiths
  13 skeletal warriors
  A storm dragon skeleton (Vaults:2)
  8 unseen horrors
  A glowing orange brain (shapeshifter) (Vaults:4)
  30 deep trolls
  5 iron trolls
  3 spriggan druids (Swamp:3)
  An unseen horror (shapeshifter) (Vaults:4)
  A sea snake (shapeshifter) (D:15)
  A golden dragon skeleton (Depths:4)
  10 wizards
  3 flayed ghosts
  6 hill giants
  2 swamp dragons (shapeshifter)
  3 glowing orange brains
  2 shambling mangroves
  A tengu zombie (Depths:4)
  13 ironbrand convokers
  11 deep elf archers
  A lindwurm (shapeshifter) (Vaults:5)
  Pikel (D:8)
  47 deep elf magi
  4 necromancers
  3 lindwurms (Swamp:4)
  7 orc knights
  A harpy (Vaults:1)
  A phantasmal warrior (Vaults:4)
  48 ugly things
  9 swamp dragons
  16 orb spiders
  A salamander (shapeshifter) (Depths:3)
  26 wolf spiders
  A mana viper (shapeshifter) (Elf:2)
  2 cyclopes
  4 orc sorcerers
  2 manticores
  A moth of wrath (Spider:4)
  4 toenail golems (Volcano)
  A frost giant skeleton (Depths:1)
  2 black mambas (shapeshifter)
  3 elephants (Lair:6)
  A smoke demon (Depths:4)
  8 black mambas
  An ice statue (IceCv)
  9 vault sentinels
  A spriggan zombie (Depths:4)
  3 torpor snails
  A water nymph (Vaults:3)
  An orc zombie (Vaults:2)
  2 gargoyles
  5 spectral swamp worms (Depths:5)
  2 elf skeletons (Depths:4)
  A rime drake (shapeshifter) (Depths:1)
  20 spiny frogs
  2 kobold demonologists
  12 komodo dragons
  4 ice devils (IceCv)
  An efreet (D:14)
  11 demonic crawlers
  A redback zombie (D:14)
  33 yaktaurs
  5 freezing wraiths
  A golden dragon simulacrum (IceCv)
  A spriggan skeleton (Depths:1)
  A tormentor (Swamp:3)
  3 tengu conjurers
  2 hellwings (Depths:4)
  38 jumping spiders
  10 trolls
  An anaconda simulacrum (IceCv)
  9 tyrant leeches
  A queen bee (D:12)
  A wind drake (Lair:3)
  3 meliai (D:12)
  A two-headed ogre (shapeshifter) (Vaults:5)
  11 blink frogs
  48 slime creatures
  20 hornets
  25 two-headed ogres
  8 hippogriffs
  A raiju (shapeshifter) (Vaults:3)
  10 bog bodies
  82 redbacks
  2 wraiths (Vaults:1)
  32 tarantellas
  5 air elementals
  5 hill giant zombies (WizLab)
  A spriggan (shapeshifter) (Vaults:3)
  10 shadows
  4 wyverns
  2 water elementals
  A basilisk (shapeshifter) (Depths:5)
  38 yaks
  4 vampires (WizLab)
  4 dire elephant simulacra (IceCv)
  2 basilisks
  6 fire elementals
  26 vampire mosquitoes
  2 steam dragons
  A neqoxec (Depths:4)
  2 death yak simulacra (IceCv)
  2 hungry ghosts
  3 mottled dragons
  4 wargs
  12 swamp worms
  3 harpy simulacra (IceCv)
  3 iron troll simulacra (IceCv)
  4 hell hounds
  3 soldier ants
  3 hydra simulacra (IceCv)
  6 porcupines
  13 water moccasins
  4 ice beasts
  10 swamp drakes
  2 sky beasts (D:12)
  3 black bears
  39 orc warriors
  4 slaves (D:8)
  2 eyes of draining
  2 human zombies (Vaults:2)
  5 necrophages
  20 wolves
  4 phantoms
  10 boggarts
  61 ogres
  10 crocodiles
  11 centaurs
  6 big kobolds
  A yaktaur zombie (Depths:1)
  24 bullfrogs
  A human skeleton (Vaults:2)
  A glowing shapeshifter simulacrum (Vaults:2)
  6 earth elementals
  6 scorpions
  A scorpion (shapeshifter) (D:15)
  8 troll zombies (WizLab)
  28 killer bees
  11 wights
  2 electric eels
  A howler monkey (D:13)
  5 crimson imps
  A bullfrog zombie (D:12)
  3 draconian simulacra (IceCv)
  A quasit (D:12)
  3 centaur zombies (D:12)
  7 jellies
  20 orc priests
  9 hounds
  3 centaur skeletons
  3 iguanas
  34 orc wizards
  12 worker ants
  A polar bear simulacrum (IceCv)
  4 troll simulacra (IceCv)
  2 hell rats (Lair:2)
  3 wolf simulacra (IceCv)
  4 ogre zombies (WizLab)
  A bullfrog simulacrum (D:13)
  3 centaur simulacra (IceCv)
  A hound zombie (D:8)
  A hound skeleton (D:4)
  Robin (D:2)
  2 worker ant zombies
  15 adders
  5 naga simulacra (IceCv)
  11 river rats (Lair:2)
  4 gnolls (D:3)
  2 ogre simulacra (IceCv)
  4 shadow imps
  4 white imps
  6 ufetubi
  2 adder skeletons
  3 worms
  2 dart slugs
  A leopard gecko (shapeshifter) (D:3)
  5 leopard geckos
  146 orcs
  5 bats
  10 giant cockroaches
  9 goblins
  12 hobgoblins
  19 jackals
  2 quokkas (D:2)
  A quokka (shapeshifter) (D:1)
  A ball python zombie (D:5)
  5 frilled lizards
  23 kobolds
  A quokka skeleton (D:4)
  A quokka zombie (D:5)
  11 rats
  A bush (D:12)
  3 fire vortices
  2 fungi (Depths:3)
2212 creatures vanquished.

Vanquished Creatures (collateral kills)
  An ancient lich (WizLab)
  A tengu reaver (Depths:1)
  A vault warden (Vaults:2)
  2 deep elf elementalists (Elf:3)
  A ghoul (Vaults:4)
  An ironheart preserver (Vaults:1)
  2 deep elf demonologists
  A green draconian (Depths:5)
  A white draconian (Depths:5)
  A red draconian (Depths:5)
  A mottled draconian (Depths:5)
  A fire dragon (Depths:5)
  A deep elf high priest (Elf:3)
  An ice dragon (Depths:5)
  2 hydras (Swamp:4)
  A vault guard (Vaults:2)
  A dancing weapon (Elf:3)
  A deep troll earth mage (Depths:4)
  A tengu warrior (Depths:3)
  A large abomination (Elf:3)
  A deep troll (Depths:4)
  A wizard (Volcano)
  A swamp dragon (Swamp:4)
  An ironbrand convoker (Vaults:2)
  A hill giant (D:13)
  An orb spider (Spider:4)
  An orc sorcerer (Orc:1)
  A centaur zombie (D:13)
  A toenail golem (Volcano)
  A vault sentinel (Vaults:2)
  2 yaktaurs (Vaults:4)
  A jumping spider (Spider:3)
  A troll (D:13)
  A slime creature (Vaults:2)
  2 hill giant zombies (WizLab)
  A yak (D:13)
  A warg (Orc:1)
  A swamp drake (Swamp:4)
  An eye of draining (shapeshifter) (Elf:3)
  2 ogres
  A boggart (Vaults:2)
  2 worker ants (D:8)
  An orc (D:3)
50 creatures vanquished.

Vanquished Creatures (others)
  A tengu reaver (Vaults:5)
  A shadow dragon (Vaults:5)
  A frost giant (Vaults:1)
  An ironheart preserver (Vaults:5)
  A very ugly thing (Depths:5)
  2 stone giants
  A deep elf annihilator (Elf:3)
  A vault guard (Vaults:5)
  3 yaktaur captains
  3 centaur warriors
  A death knight (D:12)
  7 dancing weapons
  An orb spider (Spider:4)
  A swamp dragon (Swamp:4)
  A glowing orange brain (Vaults:3)
  4 deep elf archers
  A cyclops (D:11)
  7 yaktaurs
  A red devil (Depths:1)
  An air elemental (Depths:4)
  A vampire (D:13)
  A water elemental (Elf:1)
  A swamp drake (Swamp:4)
  An orc warrior (Vaults:5)
  An eye of draining (D:12)
  A boggart (Depths:3)
  A centaur (Depths:1)
  3 killer bees (D:12)
  4 white imps (IceCv)
  An ufetubus (IceCv)
  3 orcs
  A jackal (D:3)
  A quokka (D:4)
  3 bushes
  4 fungi (Lair:6)
  18 plants
85 creatures vanquished.

Grand Total: 2347 creatures vanquished

Notes
Turn   | Place    | Note
-------+----------+-------------------------------------------
     0 | D:1      | RaHiT the Demonspawn Chaos Knight began the quest for the Orb.
     0 | D:1      | Reached XP level 1. HP: 18/18 MP: 1/1
    52 | D:1      | Reached skill level 1 in Dodging
    94 | D:1      | Gained mutation: When hurt, damage is shared between your health and your magic reserves. [demonic ancestry]
    94 | D:1      | Reached XP level 2. HP: 24/24 MP: 2/2
   277 | D:1      | XOM: cloud trail
   296 | D:1      | XOM: 1-stop teleportation journey
   776 | D:2      | Gained mutation: You have sharp toenails. [demonic ancestry]
   776 | D:2      | Reached XP level 3. HP: 16/29 MP: 3/3
   866 | D:2      | XOM: scenery: 1 doors close
  1076 | D:2      | XOM: butterfly on damage
  1111 | D:2      | XOM: summons friendly quasit
  1124 | D:2      | Reached XP level 4. HP: 6/35 MP: 2/4
  1479 | D:2      | You fall through a shaft for 2 floors!
  1479 | D:4      | Noticed an ogre
  1503 | D:3      | XOM: god gift: 19 arrows
  1592 | D:3      | XOM: cast spell 'Shadow Creatures'
  1970 | D:2      | Found a blossoming altar of Fedhas.
  2115 | D:2      | Found a stormy altar of Qazlal.
  2136 | D:2      | Noticed Robin
  2159 | D:2      | XOM: enchant monster (bad)
  2165 | D:2      | Killed Robin
  2165 | D:2      | Reached XP level 5. HP: 39/42 MP: 3/5
  2182 | D:2      | XOM: cloud trail
  2375 | D:2      | XOM: mild Necr miscast
  2649 | D:3      | XOM: blink monster(s)
  2794 | D:3      | XOM: scenery: create altars
  2863 | D:3      | Found a bloodstained altar of Trog.
  2963 | D:3      | XOM: noise
  3129 | D:4      | XOM: noise
  3143 | D:4      | Noticed a phantom
  3167 | D:3      | Gained mutation: You are surrounded by a mild repulsion field. (EV +2) [demonic ancestry]
  3167 | D:3      | Reached XP level 6. HP: 48/48 MP: 6/6
  3280 | D:3      | XOM: blink monster(s)
  3605 | D:4      | Found a white marble altar of Elyvilon.
  3666 | D:4      | Got an encrusted hand axe
  3667 | D:4      | Identified the +1 hand axe "Akoakeba" {chaos, -Tele MR+ Str+2 Dex+6} (You found it on level 4 of the Dungeon)
  3741 | D:4      | XOM: give mutations
  3741 | D:4      | Gained mutation: Scrolls take you a little longer to read. [Xom's mischief]
  3741 | D:4      | Gained mutation: Your muscles are strong. (Str +2) [Xom's mischief]
  3741 | D:4      | Gained mutation: You occasionally shout uncontrollably at your foes. [Xom's mischief]
  3741 | D:4      | Gained mutation: Armour fits poorly on your strangely shaped body. [Xom's mischief]
  3746 | D:4      | Reached skill level 5 in Long Blades
  3746 | D:4      | Gained mutation: You are surrounded by a moderate repulsion field. (EV +3) [demonic ancestry]
  3746 | D:4      | Reached XP level 7. HP: 49/55 MP: 5/7
  4144 | D:5      | Entered Level 5 of the Dungeon
  4620 | D:4      | XOM: harmless Tmut miscast
  4992 | D:5      | Found a staircase to the Ecumenical Temple.
  4992 | D:5      | XOM: 4-stop teleportation journey
  5029 | D:5      | XOM: medium Ice miscast
  5247 | D:5      | Reached skill level 5 in Fighting
  5335 | D:6      | Reached XP level 8. HP: 57/62 MP: 8/8
  5618 | D:6      | XOM: summons 1 hostile demon
  5722 | D:6      | XOM: summons 1 hostile demon
  6241 | D:7      | XOM: give mutations
  6241 | D:7      | Gained mutation: You have sharp fingernails. [Xom's grace]
  6241 | D:7      | Gained mutation: Your muscles are very strong. (Str +4) [Xom's grace]
  6241 | D:7      | Gained mutation: Your natural rate of healing is unusually fast. [Xom's grace]
  6256 | D:7      | XOM: 1-stop teleportation journey
  6294 | D:7      | Reached skill level 5 in Armour
  6661 | D:7      | XOM: give mutations
  6661 | D:7      | Gained mutation: You can translocate small distances at will. [Xom's grace]
  6661 | D:7      | Gained mutation: Your flesh is heat resistant. (rF+) [Xom's grace]
  6662 | D:7      | Gained mutation: You are partially covered in sharp spines. [demonic ancestry]
  6662 | D:7      | Reached XP level 9. HP: 69/69 MP: 9/9
  6707 | D:7      | Found a glowing golden altar of the Shining One.
  6854 | D:7      | XOM: mild Tmut miscast
  6926 | D:8      | XOM: summons 6 friendly demons
  6930 | D:8      | Reached skill level 5 in Dodging
  7324 | D:8      | Noticed Pikel
  7324 | D:8      | XOM: confuse monster(s)
  7339 | D:8      | XOM: scenery: create altars
  7350 | D:8      | XOM: fog
  7362 | D:8      | Killed Pikel
  7385 | D:9      | XOM: scenery: 1 doors open
  7536 | D:9      | XOM: divination: magic mapping
  7542 | D:9      | XOM: cast spell 'Ring of Flames'
  7553 | D:9      | Killed a large slime creature
  7553 | D:9      | Reached XP level 10. HP: 79/79 MP: 10/10
  7668 | D:9      | XOM: god gift: 17 stones
  7738 | D:9      | Found Cunk's Armour Shoppe.
  7757 | D:9      | Found a sparkling altar of Nemelex Xobeh.
  8075 | D:9      | XOM: harmless Ice miscast
  8200 | D:10     | Entered Level 10 of the Dungeon
  8335 | D:10     | Found a shadowy altar of Dithmenos.
  8413 | D:10     | XOM: 2-stop teleportation journey
  8446 | D:10     | Killed an unseen horror
  8493 | D:10     | Noticed a centaur warrior
  8502 | D:10     | Killed a centaur warrior
  8502 | D:10     | XOM: divine lightning
  8505 | D:10     | Noticed a purple ugly thing
  8508 | D:10     | XOM: fog
  8512 | D:10     | Killed a purple ugly thing
  8512 | D:10     | Reached skill level 10 in Long Blades
  8533 | D:10     | Lost mutation: Your muscles are very strong. (Str +4) [mutagenic meat]
  8703 | D:10     | XOM: 2-stop teleportation journey
  8766 | D:10     | XOM: scenery: create altars
  8883 | D:10     | Found a staircase to the Orcish Mines.
  8973 | D:10     | XOM: 2-stop teleportation journey
  9044 | D:10     | Reached XP level 11. HP: 86/86 MP: 11/11
  9122 | D:10     | Killed an unseen horror
  9196 | Orc:1    | Entered Level 1 of the Orcish Mines
  9321 | Orc:1    | Noticed an orc sorcerer
  9328 | Orc:1    | Paralysed by an orc sorcerer for 5 turns
  9329 | Orc:1    | Killed an orc sorcerer
  9535 | Orc:2    | Entered Level 2 of the Orcish Mines
  9563 | Orc:2    | Found a roughly hewn altar of Beogh.
  9564 | Orc:2    | Noticed an orc sorcerer
  9564 | Orc:2    | Found Ampuaca's Antique Armour Shop.
  9565 | Orc:2    | Noticed a soul eater
  9567 | Orc:2    | Noticed a sixfirhy
  9583 | Orc:2    | XOM: confuse monster(s)
  9600 | Orc:2    | Killed an orc sorcerer
  9679 | Orc:2    | Found a dark tunnel.
  9686 | Volcano  | Entered a volcano
  9690 | Volcano  | Noticed a wizard
  9705 | Volcano  | Killed a wizard
  9715 | Volcano  | Noticed a wizard
  9721 | Volcano  | Killed a wizard
  9730 | Volcano  | Noticed a wizard
  9730 | Volcano  | XOM: summons 5 friendly demons
  9736 | Volcano  | Killed a wizard
  9742 | Volcano  | Noticed a wizard
  9747 | Volcano  | Noticed a wizard
  9749 | Volcano  | Killed a wizard
  9751 | Volcano  | XOM: smoke on damage
  9754 | Volcano  | Killed a wizard
  9766 | Volcano  | XOM: god gift: meat ration
  9808 | Volcano  | XOM: give mutations
  9808 | Volcano  | Gained mutation: You have razor-sharp toenails. [Xom's grace]
  9808 | Volcano  | Gained mutation: You have claws for feet. [Xom's grace]
  9808 | Volcano  | Gained mutation: Your muscles are very strong. (Str +4) [Xom's grace]
  9808 | Volcano  | Gained mutation: You are agile. (Dex +2) [Xom's grace]
  9926 | Volcano  | Noticed a mace of flaming
  9942 | Volcano  | Killed a mace of flaming
 10150 | Orc:2    | XOM: harmless Fire miscast
 10185 | Orc:2    | Found a roughly hewn altar of Beogh.
 10263 | Orc:2    | Found a staircase to the Elven Halls.
 10269 | Orc:2    | XOM: harmless Necr miscast
 10330 | Orc:2    | XOM: noise
 10363 | Orc:2    | XOM: harmless Chrm miscast
 10396 | Orc:2    | Found a roughly hewn altar of Beogh.
 10422 | Orc:2    | XOM: harmless Tmut miscast
 10439 | Orc:2    | Found a roughly hewn altar of Beogh.
 10442 | Orc:2    | XOM: 7-stop teleportation journey
 10451 | Orc:2    | XOM: blink monster(s)
 10454 | Orc:2    | Gained mutation: You regenerate magic rapidly. [demonic ancestry]
 10454 | Orc:2    | Reached XP level 12. HP: 95/95 MP: 12/12
 10459 | Orc:2    | Found Lewoj's Antique Weapon Shoppe.
 10459 | Orc:2    | Found a roughly hewn altar of Beogh.
 10459 | Orc:2    | Found Moem's Antique Armour Emporium.
 10459 | Orc:2    | XOM: 8-stop teleportation journey
 10460 | Orc:2    | Noticed an orc high priest
 10460 | Orc:2    | Noticed an orc warlord
 10461 | Orc:2    | Killed an orc high priest
 10465 | Orc:2    | Noticed an orc high priest
 10465 | Orc:2    | Paralysed by an orc sorcerer for 7 turns
 10466 | Orc:2    | XOM: confusion
 10562 | Orc:2    | Found a roughly hewn altar of Beogh.
 10737 | Orc:1    | Killed an orc high priest
 10868 | Orc:2    | Gained mutation: You are occasionally teleported next to monsters. [potion of mutation]
 10868 | Orc:2    | Lost mutation: You are agile. (Dex +2) [potion of mutation]
 10917 | Orc:2    | XOM: smoke on damage
 10954 | Orc:2    | XOM: enchant monster (bad)
 10969 | Orc:2    | XOM: summons 2 hostile shadow creatures
 10985 | Orc:2    | XOM: god gift: 19 arrows
 11144 | Orc:2    | HP: 2/97 [orc priest/divine providence (12)]
 11151 | Orc:2    | XOM: confuse monster(s)
 11291 | Orc:1    | Killed an orc warlord
 11377 | Orc:2    | Bought a bloodstained chain mail for 294 gold pieces
 11387 | Orc:2    | Identified the +7 chain mail of Etzymm {rElec} (You bought it in a shop on level 2 of the Orcish Mines)
 11562 | Orc:2    | Found a roughly hewn altar of Beogh.
 11566 | Orc:2    | XOM: cast spell 'Ring of Flames'
 11579 | Orc:2    | Found Uhiaf's Book Boutique.
 11834 | Orc:1    | Reached skill level 10 in Fighting
 12280 | D:11     | Noticed monokles's ghost (journeyman DsMo)
 12280 | D:11     | XOM: swap monsters
 12295 | D:11     | XOM: swap monsters
 12299 | D:11     | XOM: summons 5 hostile demons
 12534 | D:11     | XOM: 2-stop teleportation journey
 12565 | D:11     | Killed monokles's ghost
 12565 | D:11     | Reached skill level 1 in Shields
 12632 | D:11     | Found Bupitolo's Book Shop.
 12658 | D:11     | XOM: give mutations
 12658 | D:11     | Gained mutation: Your body sometimes deteriorates upon taking damage. [Xom's mischief]
 12658 | D:11     | Lost mutation: You can translocate small distances at will. [Xom's mischief]
 12658 | D:11     | Lost mutation: Your body sometimes deteriorates upon taking damage. [Xom's mischief]
 12701 | D:11     | XOM: polymorph neqoxec -> red devil
 12833 | D:11     | XOM: harmless Fire miscast
 12892 | D:11     | Found a staircase to the Lair.
 12899 | D:11     | XOM: silly message
 12923 | D:11     | Found an iron altar of Okawaru.
 13014 | D:11     | XOM: harmless Summ miscast
 13202 | D:12     | XOM: potion effect (might)
 13233 | D:12     | XOM: divination: magic mapping
 13234 | D:12     | XOM: silly message
 13243 | D:12     | XOM: polymorph killer bee -> steam dragon
 13248 | D:12     | XOM: fog
 13340 | D:12     | Reached XP level 13. HP: 67/103 MP: 9/13
 13561 | D:12     | Found a blossoming altar of Fedhas.
 13588 | D:12     | XOM: 1-stop teleportation journey
 13960 | D:12     | XOM: divine lightning
 13994 | D:13     | XOM: medium Tloc miscast
 14121 | D:13     | XOM: severe Summ miscast
 14122 | D:13     | Noticed a balrug
 14127 | D:13     | XOM: 4-stop teleportation journey
 14129 | D:13     | Found a gate to the Vaults.
 14138 | D:13     | XOM: summons 6 hostile demons
 14152 | D:13     | XOM: mild Pois miscast
 14269 | D:13     | XOM: enchant monster (bad)
 14272 | D:13     | XOM: blink monster(s)
 14275 | D:13     | XOM: scenery: create altars
 14277 | D:13     | XOM: destruction
 14385 | D:12     | XOM: cloud trail
 14389 | D:12     | XOM: noise
 14394 | D:12     | Reached skill level 10 in Armour
 14412 | D:13     | Killed a balrug
 14502 | D:13     | XOM: summons 5 friendly demons
 14629 | D:13     | XOM: scenery: create altars
 14681 | D:13     | XOM: summons 4 friendly demons
 14718 | D:13     | Noticed a stone giant
 14768 | D:13     | XOM: divination: magic mapping
 14769 | D:13     | XOM: enchant monster (good)
 14811 | D:13     | Noticed a sphinx
 14831 | D:13     | XOM: destruction
 14837 | D:13     | XOM: summons 7 friendly demons
 14840 | D:13     | XOM: swap monsters
 14840 | D:13     | Paralysed by a sphinx for 6 turns
 14853 | D:13     | XOM: cast spell 'Chain of Chaos'
 14860 | D:13     | Killed a sphinx
 14939 | D:13     | Noticed a sphinx
 14939 | D:13     | Paralysed by a sphinx for 3 turns
 14941 | D:13     | XOM: potion effect (brilliance)
 14946 | D:13     | Noticed a fire dragon
 14947 | D:13     | XOM: cast spell 'Olgreb's Toxic Radiance'
 14961 | D:13     | Killed a sphinx
 14961 | D:13     | XOM: summons friendly iron imp
 14968 | D:13     | Found Tyfrirho's Jewellery Shoppe.
 15127 | D:13     | XOM: summons 3 friendly demons
 15133 | D:13     | Killed a stone giant
 15133 | D:13     | Reached skill level 5 in Shields
 15424 | D:12     | XOM: god gift: knobbly runed staff {god gift}
 15425 | D:12     | XOM: cast spell 'Confusing Touch'
 15429 | D:12     | XOM: cleaving
 15437 | D:12     | XOM: god gift: bronze wand {god gift}
 15443 | D:12     | XOM: divine lightning (protected)
 15510 | D:12     | Identified a -2 rod of ignition (12/12) (You found it on level 13 of the Dungeon)
 15546 | D:13     | XOM: divine lightning (protected)
 15619 | D:13     | Killed a fire dragon
 15629 | D:13     | Got a faintly glowing ring mail
 15771 | D:13     | XOM: cast spell 'Ice Form'
 15829 | Lair:1   | Entered Level 1 of the Lair of Beasts
 15922 | Lair:1   | XOM: scenery: create altars
 15928 | Lair:1   | XOM: destruction
 16125 | Lair:1   | XOM: divination: magic mapping
 16131 | Lair:1   | XOM: mild Air miscast
 16136 | Lair:1   | XOM: enchant monster (good)
 16138 | Lair:1   | XOM: swap monsters
 16139 | Lair:1   | XOM: potion effect (curing)
 16148 | Lair:1   | Gained mutation: You are surrounded by a strong repulsion field. (EV +4, RMsl) [demonic ancestry]
 16148 | Lair:1   | Reached XP level 14. HP: 110/110 MP: 14/14
 16265 | Lair:1   | XOM: divination: detect items
 16357 | Lair:1   | XOM: harmless Summ miscast
 16731 | Lair:2   | XOM: harmless Pois miscast
 16927 | Lair:2   | XOM: 3-stop teleportation journey
 16993 | Lair:2   | Identified a scroll of acquirement
 17169 | Lair:2   | XOM: cast spell 'Confusing Touch'
 17354 | Lair:2   | XOM: harmless Divn miscast
 17381 | Lair:2   | XOM: mild Summ miscast
 17521 | Lair:2   | Found a staircase to the Swamp.
 17740 | Lair:2   | XOM: cloud trail
 17790 | Lair:3   | Noticed Gastronok
 17809 | Lair:3   | Killed Gastronok
 17832 | Lair:3   | Found a hole to the Spider Nest.
 17864 | Lair:3   | XOM: mild Air miscast
 17883 | Lair:3   | XOM: cast spell 'Statue Form'
 17940 | Lair:3   | XOM: enchant monster (good)
 17951 | Lair:3   | XOM: polymorph yak -> wind drake
 18157 | Lair:3   | XOM: 3-stop teleportation journey
 18163 | Lair:3   | XOM: noise
 18180 | Lair:3   | Identified the +1 ring mail of Noon {+Blink +Inv MR++} (You found it on level 13 of the Dungeon)
 18687 | Lair:3   | XOM: harmless Hex miscast
 18879 | Lair:4   | XOM: confuse monster(s)
 18913 | Lair:4   | Reached skill level 10 in Shields
 18970 | Lair:4   | XOM: harmless Tmut miscast
 18982 | Lair:4   | XOM: scenery: create altars
 19416 | Lair:4   | XOM: enchant monster (good)
 19738 | Lair:5   | Noticed Keye's ghost (journeyman MiFi)
 19760 | Lair:5   | XOM: confusion (+ monsters)
 19764 | Lair:5   | XOM: enchant monster (good)
 19777 | Lair:5   | Killed Keye's ghost
 19795 | Lair:5   | XOM: scenery: create altars
 19796 | Lair:5   | Noticed a storm dragon
 19796 | Lair:5   | a death yak changed into a storm dragon
 19796 | Lair:5   | XOM: polymorph death yak -> storm dragon
 19809 | Lair:5   | Killed a storm dragon
 19816 | Lair:5   | Noticed an emperor scorpion
 19816 | Lair:5   | a death yak changed into an emperor scorpion
 19816 | Lair:5   | XOM: polymorph death yak -> emperor scorpion
 19836 | Lair:5   | Killed an emperor scorpion
 19896 | Lair:5   | XOM: polymorph porcupine -> bullfrog
 20193 | Lair:5   | XOM: cast spell 'Disjunction'
 20339 | Lair:6   | Entered Level 6 of the Lair of Beasts
 20362 | Lair:6   | Found a snail-covered altar of Cheibriados.
 20376 | Lair:6   | XOM: give mutations
 20376 | Lair:6   | Gained mutation: You are resistant to hostile enchantments. (MR+) [Xom's grace]
 20376 | Lair:6   | Gained mutation: You are agile. (Dex +2) [Xom's grace]
 20388 | Lair:6   | XOM: summons 1 friendly demon
 20405 | Lair:6   | XOM: potion effect (invisibility)
 20434 | Lair:6   | Found a viscous altar of Jiyva.
 20435 | Lair:6   | Found a staircase to the Slime Pits.
 20535 | Lair:6   | XOM: give mutations
 20535 | Lair:6   | Gained mutation: You possess an exceptional clarity of mind. [Xom's grace]
 20535 | Lair:6   | Gained mutation: You have very sharp fingernails. [Xom's grace]
 20554 | Lair:6   | XOM: potion effect (curing)
 20556 | Lair:6   | XOM: enchant monster (good)
 20590 | Lair:6   | XOM: 7-stop teleportation journey
 20604 | Lair:6   | XOM: give mutations
 20604 | Lair:6   | Gained mutation: You have a pair of small antennae on your head. [Xom's grace]
 20604 | Lair:6   | Gained mutation: You have a pair of antennae on your head. [Xom's grace]
 20604 | Lair:6   | Gained mutation: You are somewhat resistant to further mutation. [Xom's grace]
 20604 | Lair:6   | Gained mutation: Your spells are a little harder to cast, but a little more powerful. [Xom's grace]
 20671 | Lair:6   | Reached XP level 15. HP: 83/115 MP: 13/15
 20672 | Lair:6   | XOM: scenery: create altars
 20744 | Lair:6   | Noticed Nessos
 20746 | Lair:6   | XOM: destruction
 20765 | Lair:6   | Killed Nessos
 20795 | Lair:6   | XOM: destruction
 20881 | Lair:6   | XOM: divination: detect items
 20929 | Lair:6   | XOM: confuse monster(s)
 21160 | Lair:6   | XOM: potion effect (agility)
 21161 | Lair:6   | XOM: fog
 21162 | Lair:6   | XOM: enchant monster (good)
 21588 | Lair:5   | XOM: give mutation
 21588 | Lair:5   | Lost mutation: You are resistant to hostile enchantments. (MR+) [Xom's mischief]
 21590 | Lair:5   | XOM: god gift: 13 stones
 21745 | D:14     | XOM: stealth player
 21751 | D:14     | XOM: potion effect (haste)
 21949 | D:14     | XOM: noise
 21960 | D:14     | XOM: divination: detect items
 22013 | D:14     | XOM: scenery: 1 doors open
 22250 | D:14     | XOM: summons friendly white imp
 22279 | D:14     | XOM: blink monster(s)
 22304 | D:14     | Found Ugyduryck's Armour Boutique.
 22420 | D:15     | Entered Level 15 of the Dungeon
 22502 | D:15     | Found a staircase to the Depths.
 22512 | D:15     | XOM: enchant monster (bad)
 22514 | D:15     | XOM: enchant monster (bad)
 22532 | D:15     | Reached skill level 15 in Shields
 22572 | D:15     | Got an ancient leather armour
 22592 | D:15     | Noticed a storm dragon
 22595 | D:15     | a storm dragon changed into a dire elephant
 22597 | D:15     | Noticed a quicksilver dragon
 22597 | D:15     | a dire elephant changed into a quicksilver dragon
 22599 | D:15     | Noticed a fire giant
 22599 | D:15     | a quicksilver dragon changed into a fire giant
 22601 | D:15     | Noticed an azure jelly
 22601 | D:15     | a fire giant changed into an azure jelly
 22607 | D:15     | an azure jelly changed into a dire elephant
 22610 | D:15     | Noticed an acid blob
 22610 | D:15     | a dire elephant changed into an acid blob
 22631 | D:15     | Reached skill level 1 in Evocations
 22791 | D:15     | XOM: mild Hex miscast
 22811 | D:15     | Noticed a sphinx
 22814 | D:15     | XOM: summons 5 hostile demons
 22815 | D:15     | XOM: harmless Air miscast
 22821 | D:15     | XOM: polymorph ufetubus -> shadow imp
 22827 | D:15     | XOM: divination: magic mapping
 22833 | D:15     | XOM: smoke on damage
 22843 | D:15     | XOM: summons 5 friendly demons
 22850 | D:15     | Killed a sphinx
 22916 | D:15     | XOM: give mutations
 22916 | D:15     | Lost mutation: You have very sharp fingernails. [Xom's mischief]
 22916 | D:15     | Lost mutation: Your flesh is heat resistant. (rF+) [Xom's mischief]
 22916 | D:15     | Lost mutation: You have sharp fingernails. [Xom's mischief]
 22932 | D:15     | XOM: medium Hex miscast
 22994 | D:15     | Lost mutation: You occasionally shout uncontrollably at your foes. [potion of cure mutation]
 22994 | D:15     | Lost mutation: You are occasionally teleported next to monsters. [potion of cure mutation]
 22994 | D:15     | Lost mutation: Your muscles are very strong. (Str +4) [potion of cure mutation]
 22994 | D:15     | Lost mutation: Your muscles are strong. (Str +2) [potion of cure mutation]
 23446 | D:15     | XOM: noise
 23482 | D:15     | XOM: noise
 23652 | Swamp:1  | Entered Level 1 of the Swamp
 23661 | Swamp:1  | XOM: swap monsters
 23662 | Swamp:1  | Gained mutation: You are mostly covered in sharp spines. [demonic ancestry]
 23662 | Swamp:1  | Reached XP level 16. HP: 121/122 MP: 18/18
 23722 | Swamp:1  | XOM: noise
 23819 | Swamp:1  | Identified the +3 leather armour "Narphiejebb" {Str-5 Int+5 Slay+5} (You found it on level 15 of the Dungeon)
 23880 | Swamp:1  | XOM: cleaving
 24080 | Swamp:1  | XOM: divination: detect items
 24090 | Swamp:1  | Reached skill level 15 in Long Blades
 24233 | Swamp:1  | XOM: harmless Conj miscast
 24437 | Swamp:2  | XOM: harmless Summ miscast
 24789 | Swamp:2  | XOM: harmless Hex miscast
 24809 | Swamp:2  | HP: 5/122 [poisoned by a swamp dragon (poison gas)]
 24821 | Swamp:2  | XOM: potion effect (heal wounds)
 25047 | Swamp:2  | XOM: harmless Fire miscast
 25102 | Swamp:2  | Reached skill level 5 in Evocations
 25167 | Swamp:2  | XOM: noise
 25253 | Swamp:2  | XOM: confuse monster(s)
 25280 | Swamp:2  | XOM: divination: detect items
 25301 | Swamp:3  | XOM: potion effect (brilliance)
 25312 | Swamp:3  | XOM: divination: detect items
 25314 | Swamp:3  | XOM: enchant monster (bad)
 25371 | Swamp:3  | XOM: god gift: 22 sling bullets
 25528 | Swamp:3  | XOM: noise
 25636 | Swamp:3  | XOM: divination: detect creatures
 25808 | Swamp:3  | XOM: destruction
 25814 | Swamp:3  | XOM: scenery: create altars
 25827 | Swamp:3  | Noticed a tentacled monstrosity
 25831 | Swamp:3  | Noticed a doom hound
 25831 | Swamp:3  | a tentacled monstrosity changed into a doom hound
 25831 | Swamp:3  | XOM: polymorph tentacled monstrosity -> doom hound
 25840 | Swamp:3  | XOM: confuse monster(s)
 25847 | Swamp:3  | Killed a doom hound
 26023 | Swamp:3  | XOM: cast spell 'Cause Fear'
 26039 | Swamp:2  | XOM: summons 2 friendly demons
 26207 | Swamp:3  | XOM: enchant monster (bad)
 26485 | Swamp:3  | XOM: enchant monster (bad)
 26760 | Swamp:4  | Entered Level 4 of the Swamp
 26786 | Swamp:4  | Noticed Louise
 26786 | Swamp:4  | XOM: fog
 26787 | Swamp:4  | Noticed Louise
 26787 | Swamp:4  | Louise changed into Louise the alligator
 26787 | Swamp:4  | XOM: polymorph Louise -> Louise the alligator
 26939 | Swamp:4  | Killed Louise the alligator
 26966 | Swamp:4  | XOM: cloud trail
 27215 | Swamp:4  | XOM: cleaving
 27382 | Swamp:4  | XOM: enchant monster (good)
 27383 | Swamp:4  | XOM: divine lightning
 27390 | Swamp:4  | XOM: give mutations
 27390 | Swamp:4  | Gained mutation: Your muscles are strong. (Str +2) [Xom's grace]
 27390 | Swamp:4  | Gained mutation: You heal very quickly. [Xom's grace]
 27390 | Swamp:4  | Gained mutation: You have a pair of large antennae on your head. (SInv) [Xom's grace]
 27433 | Swamp:4  | XOM: enchant monster (good)
 27449 | Swamp:4  | XOM: summons friendly hellwing
 27456 | Swamp:4  | XOM: summons 11 friendly demons
 27474 | Swamp:3  | HP: 6/122 [poison (poison gas)]
 27653 | Swamp:3  | Reached XP level 17. HP: 97/128 MP: 21/24
 27718 | Swamp:3  | XOM: god gift: 19 gold pieces
 27735 | Swamp:3  | Reached skill level 10 in Evocations
 27738 | Swamp:3  | XOM: god gift: chain mail {god gift}
 27791 | Swamp:3  | XOM: give mutations
 27791 | Swamp:3  | Gained mutation: Your mind is acute. (Int +2) [Xom's grace]
 27791 | Swamp:3  | Gained mutation: You are somewhat resistant to both further mutation and mutation removal. [Xom's grace]
 27791 | Swamp:3  | Gained mutation: You are covered in fur. (AC +1) [Xom's grace]
 27791 | Swamp:3  | Gained mutation: You are very agile. (Dex +4) [Xom's grace]
 27798 | Swamp:3  | XOM: harmless Summ miscast
 27799 | Swamp:3  | XOM: confuse monster(s)
 27838 | Swamp:4  | XOM: summons friendly iron imp
 27839 | Swamp:4  | XOM: polymorph iron imp -> white imp
 27871 | Swamp:4  | Noticed VanClaymore's ghost (adept MfGl)
 27880 | Swamp:4  | XOM: divination: magic mapping
 27896 | Swamp:4  | XOM: swap monsters
 27915 | Swamp:4  | Killed VanClaymore's ghost
 27929 | Swamp:4  | XOM: divination: detect creatures
 28155 | Swamp:4  | XOM: summons 2 hostile shadow creatures
 28393 | Swamp:4  | Got a decaying rune of Zot
 28475 | Swamp:4  | XOM: god gift: 29 gold pieces
 28856 | Spider:1 | Entered Level 1 of the Spider Nest
 28865 | Spider:1 | XOM: cloud trail
 28914 | Spider:1 | XOM: give mutations
 28914 | Spider:1 | Gained mutation: Your muscles are very strong. (Str +4) [Xom's grace]
 28914 | Spider:1 | Gained mutation: You have sharp fingernails. [Xom's grace]
 28914 | Spider:1 | Gained mutation: You can translocate small distances at will. [Xom's grace]
 28914 | Spider:1 | Gained mutation: You have an increased reservoir of magic. (+10% MP) [Xom's grace]
 28916 | Spider:1 | XOM: confuse monster(s)
 29134 | Spider:1 | XOM: divination: magic mapping
 29137 | Spider:1 | XOM: cast spell 'Shadow Creatures'
 29639 | Spider:1 | XOM: cloud trail
 29711 | Spider:1 | Noticed Azrael
 29731 | Spider:1 | Killed Azrael
 29859 | Spider:1 | XOM: give mutation
 29859 | Spider:1 | Gained mutation: Your spells are harder to cast, but more powerful. [Xom's grace]
 30131 | Spider:1 | XOM: potion effect (brilliance)
 30206 | Spider:1 | XOM: cloud trail
 30312 | Spider:2 | XOM: god gift: glowing robe {god gift}
 30406 | Spider:2 | XOM: summons 11 friendly demons
 30497 | Spider:2 | XOM: divine lightning
 30540 | Spider:2 | XOM: confuse monster(s)
 30597 | Spider:2 | XOM: harmless Necr miscast
 30947 | Spider:2 | XOM: polymorph redback -> glowing orange brain
 31091 | Spider:2 | XOM: medium Fire miscast
 31264 | Spider:2 | XOM: give mutation
 31264 | Spider:2 | Gained mutation: You are resistant to electric shocks. (rElec) [Xom's grace]
 32444 | Spider:4 | XOM: stealth player
 32444 | Spider:4 | Entered Level 4 of the Spider Nest
 32662 | Spider:4 | XOM: summons friendly ufetubus
 32676 | Spider:4 | XOM: summons friendly white imp
 32707 | Spider:3 | XOM: fake destruction
 32861 | Spider:4 | XOM: cleaving
 33126 | Spider:4 | XOM: fake destruction
 33266 | Spider:4 | Mutation became permanent: You have claws for feet. [demonic ancestry]
 33266 | Spider:4 | Reached XP level 18. HP: 128/134 MP: 3/32
 33323 | Spider:4 | Reached skill level 15 in Evocations
 33378 | Spider:4 | XOM: blink monster(s)
 33384 | Spider:4 | XOM: mild Hex miscast
 33389 | Spider:4 | XOM: cast spell 'Statue Form'
 33392 | Spider:4 | XOM: harmless Conj miscast
 33397 | Spider:4 | XOM: enchant monster (good)
 33510 | Spider:4 | XOM: noise
 33531 | Spider:4 | XOM: noise
 33534 | Spider:4 | XOM: cleaving
 33550 | Spider:4 | XOM: confuse monster(s)
 33566 | Spider:4 | XOM: destruction
 33578 | Spider:4 | XOM: mild Summ miscast
 33744 | Spider:4 | Got a gossamer rune of Zot
 33944 | Lair:2   | XOM: divination: detect creatures
 33972 | Lair:1   | XOM: cloud trail
 34140 | Vaults:1 | Entered Level 1 of the Vaults
 34184 | Vaults:1 | XOM: smoke on damage
 34243 | Vaults:1 | XOM: scenery: 1 doors open, 1 doors close
 34247 | Vaults:1 | XOM: summons friendly ufetubus
 34258 | Vaults:1 | XOM: god gift: book of Battle
 34335 | Vaults:1 | XOM: potion effect (haste)
 34368 | Vaults:1 | XOM: divination: magic mapping
 34393 | Vaults:1 | XOM: polymorph ironheart preserver -> queen ant
 34395 | Vaults:1 | XOM: fog
 34481 | Vaults:1 | XOM: harmless Ice miscast
 34602 | Vaults:1 | XOM: enchant monster (good)
 34669 | Vaults:1 | Identified the Collected Works on Torrid Curses
 34783 | Vaults:1 | XOM: cleaving
 34850 | Vaults:1 | XOM: divination: detect creatures
 35389 | Vaults:1 | XOM: fog
 35657 | Vaults:2 | XOM: summons 3 friendly demons
 35660 | Vaults:2 | XOM: 1-stop teleportation journey
 35714 | Vaults:2 | XOM: scenery: create altars
 35733 | Vaults:2 | XOM: cast spell 'Leda's Liquefaction'
 35900 | Vaults:2 | XOM: enchant monster (good)
 35941 | Vaults:2 | XOM: potion effect (berserk rage)
 35951 | Vaults:2 | XOM: potion effect (invisibility)
 36049 | Vaults:2 | XOM: god gift: glowing long sword {god gift}
 36055 | Vaults:2 | XOM: medium Erth miscast
 36484 | Vaults:2 | XOM: god gift: levitating book {god gift}
 36484 | Vaults:2 | Identified Xom's Tome of Rotation (Xom gifted it to you on level 2 of the Vaults)
 36726 | Vaults:2 | XOM: god gift: 28 gold pieces
 37012 | Vaults:3 | XOM: polymorph deep troll -> water nymph
 37013 | Vaults:3 | Gained mutation: Your flesh is cold resistant. (rC+) [demonic ancestry]
 37013 | Vaults:3 | Reached XP level 19. HP: 137/142 MP: 35/35
 37022 | Vaults:3 | Noticed toffzen's ghost (adept GrEE)
 37025 | Vaults:3 | XOM: cleaving
 37033 | Vaults:3 | XOM: summons friendly iron imp
 37034 | Vaults:3 | Noticed Bai Suzhen
 37035 | Vaults:3 | XOM: potion effect (heal wounds)
 37061 | Vaults:3 | Killed toffzen's ghost
 37062 | Vaults:3 | Killed Bai Suzhen
 37167 | Vaults:3 | XOM: scenery: 1 doors close
 37179 | Vaults:3 | XOM: divine lightning
 37208 | Vaults:3 | XOM: harmless Summ miscast
 37222 | Vaults:3 | XOM: confuse monster(s)
 37226 | Vaults:3 | XOM: harmless Hex miscast
 37234 | Vaults:3 | XOM: summons friendly ufetubus
 37380 | Vaults:3 | XOM: polymorph ogre mage -> slime creature
 37471 | Vaults:3 | XOM: mild Hex miscast
 37598 | Vaults:3 | Found a staircase to the Crypt.
 37598 | Vaults:3 | Found a basalt altar of Yredelemnul.
 37598 | Vaults:3 | Noticed Jorgrun
 37599 | Vaults:3 | Found an ancient bone altar of Kikubaaqudgha.
 37601 | Vaults:3 | XOM: summons friendly quasit
 37606 | Vaults:3 | XOM: butterfly on damage
 37608 | Vaults:3 | Killed Jorgrun
 37698 | Vaults:3 | XOM: enchant monster (good)
 37780 | Vaults:3 | Found a hide-covered altar of Uskayaw.
 37845 | Vaults:3 | XOM: divination: detect items
 37857 | Vaults:3 | XOM: confuse monster(s)
 37895 | Vaults:3 | Identified the +6 hand crossbow of Atetaqin {flame, +Fly rPois rC+} (You found it on level 3 of the Vaults)
 37908 | Vaults:3 | XOM: noise
 38076 | Vaults:3 | XOM: scenery: 1 doors close
 38078 | Vaults:3 | XOM: blink monster(s)
 38172 | Vaults:3 | Identified the cursed +0 hand axe of the Harvest {flame, *Noise Str+3 Int+4} (You found it on level 3 of the Vaults)
 38191 | Vaults:3 | XOM: mild Pois miscast
 38644 | Vaults:4 | XOM: polymorph ironheart preserver -> emperor scorpion
 38750 | Vaults:4 | XOM: swap monsters
 38835 | Vaults:4 | XOM: blink monster(s)
 38837 | Vaults:4 | XOM: swap monsters
 38849 | Vaults:4 | XOM: noise
 38859 | Vaults:4 | XOM: enchant monster (bad)
 38995 | Vaults:4 | XOM: noise
 39062 | Vaults:4 | Reached skill level 15 in Fighting
 39096 | Vaults:4 | XOM: mild Tmut miscast
 39111 | Vaults:4 | XOM: cast spell 'Dispersal'
 39196 | Vaults:4 | XOM: enchant monster (good)
 39203 | Vaults:4 | XOM: cleaving
 39204 | Vaults:4 | XOM: enchant monster (good)
 39359 | Vaults:4 | Noticed a lich
 39365 | Vaults:4 | Killed a lich
 39365 | Vaults:4 | Reached XP level 20. HP: 164/164 MP: 36/36
 39430 | Vaults:4 | XOM: fog
 39457 | Vaults:4 | XOM: scenery: 1 doors close
 39458 | Vaults:4 | XOM: polymorph entropy weaver -> queen ant
 39464 | Vaults:4 | XOM: god gift: 5 meat rations
 39477 | Vaults:4 | XOM: summons 13 friendly demons
 39487 | Vaults:4 | XOM: cleaving
 39634 | Vaults:4 | Identified the cursed +1 plate armour "Piva" {Str+6} (You found it on level 4 of the Vaults)
 39726 | Vaults:4 | XOM: give mutations
 39726 | Vaults:4 | Gained mutation: You are resistant to hostile enchantments. (MR+) [Xom's grace]
 39726 | Vaults:4 | Gained mutation: Your spells are much harder to cast, but much more powerful. [Xom's grace]
 39731 | Vaults:4 | XOM: fog
 39737 | Vaults:4 | XOM: enchant monster (good)
 39743 | Vaults:4 | XOM: polymorph white very ugly thing -> iron giant
 39748 | Vaults:4 | XOM: confuse monster(s)
 39818 | Vaults:4 | XOM: give mutations
 39818 | Vaults:4 | Gained mutation: Your mind is very acute. (Int +4) [Xom's grace]
 39818 | Vaults:4 | Gained mutation: You are almost entirely resistant to further mutation and mutation removal. [Xom's grace]
 39843 | Vaults:4 | XOM: mild Erth miscast
 39860 | Vaults:4 | XOM: mild Tmut miscast
 40124 | Elf:1    | Entered Level 1 of the Elven Halls
 40351 | Elf:1    | XOM: divination: magic mapping
 40360 | Elf:1    | XOM: enchant monster (good)
 40387 | Elf:1    | XOM: cast spell 'Confusing Touch'
 40458 | Elf:1    | XOM: potion effect (agility)
 40461 | Elf:1    | XOM: cast spell 'Summon Butterflies'
 40660 | Elf:1    | Found a deep blue altar of Sif Muna.
 40804 | Elf:1    | Identified the +11 falchion of Goaty {freeze, rC++ Dex+4} (You found it on level 1 of the Elven Halls)
 40817 | Elf:1    | XOM: divination: magic mapping
 40822 | Elf:1    | XOM: noise
 40824 | Elf:1    | XOM: confuse monster(s)
 41049 | Elf:1    | XOM: mild Tmut miscast
 41268 | Elf:2    | Noticed Roxanne
 41274 | Elf:2    | XOM: cleaving
 41282 | Elf:2    | Killed Roxanne
 41323 | Elf:2    | Found Pepoulae's Armour Shop.
 41545 | Elf:2    | Found a runed gate.
 41545 | Elf:2    | Found a runed gate.
 41545 | Elf:2    | Found a runed gate.
 41575 | Elf:2    | XOM: swap monsters
 41577 | Elf:2    | XOM: silly message
 41598 | Elf:2    | XOM: 2-stop teleportation journey
 41602 | Elf:2    | XOM: swap monsters
 41777 | Elf:2    | XOM: 3-stop teleportation journey
 41936 | Elf:2    | XOM: noise
 42101 | Elf:3    | Entered Level 3 of the Elven Halls
 42104 | Elf:3    | Found a frozen archway.
 42113 | IceCv    | Entered an ice cave
 42139 | IceCv    | XOM: god gift: +2 ratskin cloak {rPois rN+ Int-1 Dex-1}
 42251 | IceCv    | XOM: 4-stop teleportation journey
 42324 | IceCv    | XOM: god gift: polished lajatang {god gift}
 42335 | IceCv    | Identified the cursed +0 lajatang "Jizxa" {chaos, rElec rC+ Dex+4 Stlth+} (Xom gifted it to you in an ice cave)
 42417 | IceCv    | Identified the +7 hunting sling of Udghu {velocity, rF+ rN+ Str+2} (You found it in an ice cave)
 42494 | IceCv    | XOM: mild Tloc miscast
 42590 | IceCv    | XOM: summons 2 hostile shadow creatures
 42591 | IceCv    | XOM: mild Erth miscast
 42820 | IceCv    | XOM: summons 7 hostile demons
 42954 | Elf:3    | Noticed AAAAA's ghost (adept HEGl)
 42967 | Elf:3    | XOM: harmless Pois miscast
 42985 | Elf:3    | XOM: mild Tmut miscast
 42991 | Elf:3    | Killed AAAAA's ghost
 43009 | Elf:3    | XOM: give mutations
 43009 | Elf:3    | Lost mutation: Armour fits poorly on your strangely shaped body. [Xom's mischief]
 43009 | Elf:3    | Lost mutation: Scrolls take you a little longer to read. [Xom's mischief]
 43009 | Elf:3    | Lost mutation: You are almost entirely resistant to further mutation and mutation removal. [Xom's mischief]
 43009 | Elf:3    | Lost mutation: Your mind is very acute. (Int +4) [Xom's mischief]
 43014 | Elf:3    | XOM: chaos upgrade
 43033 | Elf:3    | Mutation became permanent: You have claws for feet. [demonic ancestry]
 43033 | Elf:3    | Reached XP level 21. HP: 150/180 MP: 35/37
 43035 | Elf:3    | XOM: polymorph deep elf sorcerer -> iron troll
 43045 | Elf:3    | XOM: divination: magic mapping
 43062 | Elf:2    | XOM: scenery: 2 doors close
 43208 | Elf:3    | XOM: cast spell 'Call Canine Familiar'
 43232 | Elf:3    | XOM: enchant monster (good)
 43260 | Elf:3    | XOM: enchant monster (good)
 43272 | Elf:3    | XOM: summons friendly quasit
 43422 | Elf:3    | XOM: scenery: create altars
 43430 | Elf:3    | XOM: summons 11 friendly demons
 43535 | Elf:3    | Identified the +7 long sword "Tekokigh" {protect, Fragile rPois rC+} (You took it off a deep elf annihilator on level 3 of the Elven Halls)
 43539 | Elf:3    | Identified the ring "Jepry" {rF- rN+ MR+ Str+3 Int+6} (You took it off a deep elf death mage on level 3 of the Elven Halls)
 43556 | Elf:3    | Identified An Early Guide to Spellcraft
 43628 | Elf:3    | Got an ancient robe
 43668 | Elf:3    | Identified the +3 long sword "Usmoidi" {pain, *Drain rElec rN+++ Stlth-} (You found it on level 3 of the Elven Halls)
 43670 | Elf:3    | Got a crude brass ring
 43672 | Elf:3    | Identified the ring of Ixayggag {-Tele rC+ Int+4 Slay+2 Stlth-} (You found it on level 3 of the Elven Halls)
 43677 | Elf:3    | Got a brightly glowing silver ring
 43679 | Elf:3    | Identified the ring of Peace {rPois MP+9 Str+4} (You found it on level 3 of the Elven Halls)
 43684 | Elf:3    | Got a twisted rapier
 43685 | Elf:3    | Identified the +8 rapier of Destiny {pierce, rPois Str+6} (You found it on level 3 of the Elven Halls)
 43780 | Elf:3    | Identified the +5 robe "Ydilod" {+Fly rF+ Slay+3} (You took it off a deep elf demonologist on level 3 of the Elven Halls)
 43797 | Elf:3    | XOM: scenery: 1 doors close
 43802 | Elf:3    | Got a translucent spear
 43803 | Elf:3    | Identified the cursed +1 spear of Contention {antimagic, rN++ MR++ Str-2} (You found it on level 3 of the Elven Halls)
 43894 | Elf:3    | XOM: god gift: 380 gold pieces
 43938 | Elf:3    | XOM: 2-stop teleportation journey
 43994 | Elf:3    | XOM: god gift: wand of iceblast {god gift}
 44119 | Elf:3    | Found Igekk's Antique Armour Boutique.
 44162 | Elf:3    | XOM: swap monsters
 44562 | D:10     | XOM: give mutation
 44562 | D:10     | Lost mutation: You are somewhat resistant to both further mutation and mutation removal. [Xom's mischief]
 44696 | Depths:1 | Entered Level 1 of the Depths
 44696 | Depths:1 | Noticed a golden dragon
 44696 | Depths:1 | Noticed a caustic shrike
 44696 | Depths:1 | Noticed Saint Roka
 44705 | D:15     | Killed a caustic shrike
 44718 | D:15     | XOM: give mutations
 44718 | D:15     | Lost mutation: You are very agile. (Dex +4) [Xom's mischief]
 44718 | D:15     | Lost mutation: You are somewhat resistant to further mutation. [Xom's mischief]
 44763 | D:15     | XOM: repel stairs
 44767 | D:15     | Killed a golden dragon
 44837 | D:15     | XOM: summons 3 friendly demons
 44844 | D:15     | Killed Saint Roka
 44875 | D:15     | XOM: cloud trail
 44936 | Depths:1 | Identified the +6 dagger of Suvvoh {flame, rPois Int+5} (You found it on level 1 of the Depths)
 44953 | Depths:1 | XOM: summons friendly white imp
 44992 | Depths:1 | XOM: smoke on damage
 45045 | Depths:1 | XOM: 2-stop teleportation journey
 45074 | Depths:1 | XOM: divination: detect items
 45188 | Depths:1 | Found a one-way gate leading to the halls of Pandemonium.
 45222 | Depths:1 | Found a gateway to Hell.
 45254 | Depths:1 | Found Vodul's Demolitions Depot.
 45261 | Depths:1 | Bought a manual of Evocations for 1876 gold pieces
 45311 | Depths:1 | XOM: 2-stop teleportation journey
 45314 | Depths:1 | XOM: give mutations
 45314 | Depths:1 | Lost mutation: You are resistant to hostile enchantments. (MR+) [Xom's mischief]
 45314 | Depths:1 | Lost mutation: Your mind is acute. (Int +2) [Xom's mischief]
 45314 | Depths:1 | Lost mutation: You possess an exceptional clarity of mind. [Xom's mischief]
 45318 | Depths:1 | XOM: polymorph deep troll shaman -> queen ant
 45319 | Depths:1 | XOM: enchant monster (bad)
 45329 | Depths:1 | XOM: potion effect (agility)
 45403 | Depths:1 | XOM: scenery: create altars
 45411 | Depths:1 | XOM: potion effect (agility)
 45416 | Depths:1 | XOM: potion effect (haste)
 45475 | Depths:1 | XOM: enchant monster (bad)
 45772 | Depths:1 | XOM: scenery: create altars
 45894 | Depths:1 | XOM: cast spell 'Shadow Creatures'
 45896 | Depths:1 | Gained mutation: When low on magic, you restore magic in place of health. [demonic ancestry]
 45896 | Depths:1 | Reached XP level 22. HP: 95/190 MP: 23/38
 45936 | Depths:1 | XOM: medium Necr miscast
 45999 | Depths:1 | XOM: divine lightning
 46028 | Depths:1 | XOM: polymorph eye of draining -> black mamba
 46061 | Depths:1 | XOM: noise
 46149 | Depths:2 | XOM: harmless Conj miscast
 46160 | Depths:2 | XOM: 1-stop teleportation journey
 46372 | Depths:2 | XOM: give mutations
 46372 | Depths:2 | Lost mutation: You are agile. (Dex +2) [Xom's mischief]
 46372 | Depths:2 | Lost mutation: Your muscles are very strong. (Str +4) [Xom's mischief]
 46372 | Depths:2 | Lost mutation: Your muscles are strong. (Str +2) [Xom's mischief]
 46372 | Depths:2 | Lost mutation: You have an increased reservoir of magic. (+10% MP) [Xom's mischief]
 46533 | Depths:2 | XOM: smoke on damage
 46534 | Depths:2 | XOM: scenery: 1 doors open, 5 doors close
 46537 | Depths:2 | XOM: enchant monster (good)
 46574 | Depths:2 | XOM: mild Divn miscast
 46772 | Depths:2 | XOM: mild Conj miscast
 46806 | Depths:2 | XOM: potion effect (brilliance)
 46821 | Depths:2 | XOM: scenery: create altars
 46837 | Depths:2 | Noticed a golden dragon
 46844 | Depths:2 | Killed a golden dragon
 46981 | Depths:2 | Noticed a golden dragon
 46981 | Depths:2 | XOM: 4-stop teleportation journey
 46989 | Depths:2 | XOM: enchant monster (bad)
 46999 | Depths:2 | XOM: summons 10 hostile demons
 47027 | Depths:2 | XOM: harmless Tmut miscast
 47088 | Depths:2 | XOM: stat loss: -1 Int (13/14)
 47096 | Depths:2 | XOM: blink monster(s)
 47296 | Depths:2 | XOM: divination: detect creatures
 47299 | Depths:2 | Killed a golden dragon
 47331 | Depths:2 | XOM: smoke on damage
 47387 | Depths:2 | XOM: enchant monster (good)
 47488 | Depths:2 | Identified the +5 quarterstaff "Qybluew" {venom, MR+} (You took it off a deep elf demonologist on level 2 of the Depths)
 47566 | Depths:2 | XOM: divination: detect creatures
 47615 | Depths:2 | Identified the Grimoire of Spatial Beguiling
 47671 | Depths:2 | XOM: potion effect (invisibility)
 47850 | Depths:3 | XOM: scenery: 1 doors open
 47871 | Depths:3 | Found a one-way gate to the infinite horrors of the Abyss.
 47873 | Depths:3 | XOM: divination: magic mapping
 47879 | Depths:3 | Found a gateway to a ziggurat.
 47882 | Depths:3 | Found an iron altar of Okawaru.
 47886 | Depths:3 | Found a shimmering altar of Xom.
 47964 | Depths:3 | XOM: fake destruction
 47993 | Depths:3 | XOM: polymorph green very ugly thing -> iron dragon
 48136 | Depths:3 | Found a bloodstained altar of Trog.
 48248 | Depths:3 | XOM: divination: magic mapping
 48276 | Depths:3 | Reached XP level 23. HP: 122/197 MP: 36/36
 48371 | Depths:3 | XOM: divination: detect creatures
 48518 | Depths:3 | XOM: chaos cloud
 48601 | Depths:3 | XOM: summons friendly ufetubus
 48837 | Depths:3 | XOM: scenery: 3 doors open, 4 doors close
 48851 | Depths:3 | XOM: fake destruction
 49020 | Depths:3 | Identified the +6 scimitar "Qeps" {holy, *Corrode +Blink rF+ SInv Stlth+} (You found it on level 3 of the Depths)
 49092 | Depths:4 | XOM: enchant monster (good)
 49164 | Depths:4 | XOM: cast spell 'Summon Butterflies'
 49197 | Depths:4 | Reached skill level 15 in Armour
 49205 | Depths:4 | XOM: 2-stop teleportation journey
 49223 | Depths:4 | Found Linoh's Gadget Shoppe.
 49223 | Depths:4 | Found Wodd's Jewellery Boutique.
 49224 | Depths:4 | Found Kiogussu's Gadget Shoppe.
 49322 | Depths:4 | Found Deorech's Antique Weapon Shop.
 49323 | Depths:4 | XOM: confuse monster(s)
 49326 | Depths:4 | XOM: scenery: 1 doors close
 49327 | Depths:4 | XOM: enchant monster (good)
 49362 | Depths:4 | XOM: potion effect (brilliance)
 49383 | Depths:4 | Found a magical portal.
 49388 | WizLab   | Entered Zonguldrok's Shrine
 49420 | WizLab   | XOM: 5-stop teleportation journey
 49443 | WizLab   | XOM: smoke on damage
 49601 | WizLab   | Noticed an antique lich
 49601 | WizLab   | XOM: divine lightning
 49614 | WizLab   | Killed an antique lich
 49812 | Depths:4 | Bought a transparent great sword for 218 gold pieces
 49812 | Depths:4 | Identified the +7 great sword of Uniash {flame, rC+ rN+ Dex+2} (You bought it in a shop on level 4 of the Depths)
 49827 | Depths:4 | XOM: potion effect (brilliance)
 49889 | Depths:4 | XOM: confuse monster(s)
 49891 | Depths:4 | XOM: potion effect (might)
 49898 | Depths:4 | XOM: enchant monster (bad)
 49900 | Depths:4 | XOM: divination: detect creatures
 49912 | Depths:4 | XOM: blink monster(s)
 49922 | Depths:4 | XOM: summons 3 friendly demons
 49945 | Depths:4 | XOM: polymorph ettin -> minotaur
 49960 | Depths:4 | XOM: swap monsters
 49967 | Depths:4 | XOM: enchant monster (good)
 50008 | Depths:4 | XOM: scenery: create altars
 50010 | Depths:4 | XOM: swap monsters
 50149 | Depths:4 | XOM: 2-stop teleportation journey
 50150 | Depths:4 | Noticed a juggernaut
 50160 | Depths:4 | Killed a juggernaut
 50161 | Depths:4 | Gained mutation: You are completely covered in sharp spines. [demonic ancestry]
 50161 | Depths:4 | Reached XP level 24. HP: 152/204 MP: 36/36
 50164 | Depths:4 | XOM: summons friendly iron imp
 50171 | Depths:4 | XOM: polymorph ettin -> ghost moth
 50202 | Depths:4 | Identified the +9 great sword of Slime {holy, rElec rN++ MR-} (You found it on level 4 of the Depths)
 50209 | Depths:4 | Identified the +1 glaive of the Unkillable {chop, +Inv} (You found it on level 4 of the Depths)
 50222 | Depths:4 | XOM: noise
 50275 | Depths:4 | XOM: mild Erth miscast
 50276 | Depths:4 | XOM: give mutations
 50276 | Depths:4 | Gained mutation: You are dopey. (Int -2) [Xom's mischief]
 50276 | Depths:4 | Lost mutation: Your spells are much harder to cast, but much more powerful. [Xom's mischief]
 50556 | Depths:4 | XOM: mild Fire miscast
 50566 | Depths:4 | Paralysed by a great orb of eyes for 3 turns
 50696 | Depths:4 | XOM: enchant monster (good)
 50700 | Depths:4 | Paralysed by a great orb of eyes for 3 turns
 50750 | Depths:4 | XOM: summons 4 friendly demons
 50858 | Depths:4 | XOM: smoke on damage
 50862 | Depths:4 | XOM: summons 6 friendly demons
 51006 | Depths:4 | XOM: scenery: create altars
 51031 | Depths:4 | XOM: harmless Necr miscast
 51038 | Depths:4 | XOM: smoke on damage
 51038 | Depths:4 | HP: 8/204 [tengu reaver (illusionary)/great sword of holy wrath (3)]
 51274 | Depths:4 | XOM: enchant monster (bad)
 51276 | Depths:4 | XOM: severe Ice miscast
 51569 | Depths:5 | Entered Level 5 of the Depths
 51586 | Depths:5 | XOM: blink monster(s)
 51678 | Depths:5 | Noticed a juggernaut
 51683 | Depths:5 | XOM: divination: detect creatures
 51690 | Depths:5 | Killed a juggernaut
 51884 | Depths:5 | XOM: 2-stop teleportation journey
 51951 | Depths:5 | XOM: destruction
 51960 | Depths:5 | XOM: enchant monster (bad)
 51961 | Depths:5 | XOM: enchant monster (bad)
 51969 | Depths:5 | XOM: mild Fire miscast
 51983 | Depths:5 | XOM: divination: detect items
 52003 | Depths:5 | XOM: god gift: scroll of vulnerability
 52100 | Depths:5 | Noticed a juggernaut
 52100 | Depths:5 | a titan changed into a juggernaut
 52100 | Depths:5 | XOM: polymorph titan -> juggernaut
 52114 | Depths:5 | Killed a juggernaut
 52286 | Depths:5 | XOM: cast spell 'Summon Ice Beast'
 52298 | Depths:5 | XOM: polymorph deep troll shaman -> hill giant
 52479 | Depths:5 | XOM: divination: magic mapping
 52505 | Depths:5 | XOM: summons 4 friendly demons
 52581 | Depths:5 | XOM: divination: detect items
 52678 | Depths:5 | Found a runed door.
 52680 | Depths:5 | Found a runed door.
 52680 | Depths:5 | Found a runed door.
 52693 | Depths:5 | XOM: divine lightning
 52796 | Depths:5 | Found a runed door.
 52797 | Depths:5 | XOM: fog
 52873 | Depths:5 | Found a gate to the Realm of Zot.
 52922 | Depths:5 | Found a runed door.
 52926 | Depths:5 | Found a runed door.
 53011 | Depths:5 | XOM: harmless Ice miscast
 53032 | Depths:5 | Reached XP level 25. HP: 211/211 MP: 36/36
 53066 | Depths:5 | XOM: divination: detect creatures
 53403 | Vaults:4 | XOM: medium Conj miscast
 53448 | Vaults:5 | Entered Level 5 of the Vaults
 53474 | Vaults:5 | XOM: mild Fire miscast
 53594 | Vaults:5 | XOM: noise
 53782 | Vaults:5 | XOM: divination: magic mapping
 53804 | Vaults:5 | XOM: enchant monster (good)
 53807 | Vaults:5 | XOM: enchant monster (bad)
 53811 | Vaults:5 | XOM: cast spell 'Summon Butterflies'
 53850 | Vaults:5 | XOM: harmless Conj miscast
 53862 | Vaults:5 | HP: 9/211 [fire giant/fireball (40)]
 53867 | Vaults:5 | HP: 3/211 [fire giant/fireball (19)]
 53868 | Vaults:5 | XOM: divination: detect items
 53876 | Vaults:5 | HP: 9/211 [vault guard/halberd (2)]
 53877 | Vaults:5 | Killed from afar by a fire giant

Skill      XL: |  1  2  3  4  5  6  7  8  9 10 11 12 13 14 15 16 17 18 19 20 21 22 23 24 25 |
---------------+----------------------------------------------------------------------------+-----
Dodging        | 1 2 3 4 5 7 8 |  8.9
Armour         | 2 3 4 5 6 7 8 9 10 12 16 20 | 20.0
Long Blades    | 3 4 5 7 8 10 11 13 14 16 18 20 | 20.0
Fighting       | 4 5 6 7 8 9 10 15 19 20 | 20.2
Shields        | 2 7 12 15 16 | 16.9
Evocations     | 3 9 14 18 | 18.0

Action                   |  1- 3 |  4- 6 |  7- 9 | 10-12 | 13-15 | 16-18 | 19-21 | 22-24 | 25-27 || total
-------------------------+-------+-------+-------+-------+-------+-------+-------+-------+-------++-------
Melee: Falchion          |   117 |   200 |   175 |    89 |   138 |       |   246 |       |       ||   965
       Hand axe          |       |    12 |       |       |       |       |       |       |       ||    12
       Long sword        |       |       |   194 |   721 |   267 |       |       |       |       ||  1182
       Kick              |       |       |       |   186 |   505 |   695 |   860 |   851 |    90 ||  3187
       Unarmed           |       |       |       |       |    18 |       |       |       |       ||    18
       Double sword      |       |       |       |       |   843 |  1702 |  1437 |  1768 |   191 ||  5941
       Scimitar          |       |       |       |       |     5 |    31 |       |       |       ||    36
Throw: Javelin           |       |     4 |    13 |     6 |    12 |     9 |       |       |       ||    44
 Abil: Blink             |       |       |       |       |       |       |       |     1 |     3 ||     4
Evoke: Wand              |       |       |       |     1 |     3 |    28 |    17 |     1 |     1 ||    51
       Rod               |       |       |       |       |     2 |       |     7 |     2 |       ||    11
       Phial of floods   |       |       |       |       |       |     3 |     2 |     2 |       ||     7
       Fan of gales      |       |       |       |       |       |     1 |       |       |       ||     1
       Disc of storms    |       |       |       |       |       |       |       |     8 |     5 ||    13
       Sack of spiders   |       |       |       |       |       |       |       |     1 |       ||     1
  Use: Scroll            |     4 |     1 |     5 |     6 |    22 |    10 |    17 |    11 |     1 ||    77
       Potion            |     1 |     2 |       |    11 |     2 |     8 |       |     2 |    11 ||    37
 Stab: Petrified         |     3 |     1 |     4 |       |     3 |    11 |       |     1 |       ||    23
       Petrifying        |     1 |       |       |       |     1 |     1 |       |     1 |       ||     4
       Paralysed         |     3 |       |       |     2 |       |       |       |       |     2 ||     7
       Sleeping          |       |     4 |       |     1 |       |       |     1 |       |       ||     6
       Confused          |       |       |       |     8 |     4 |     9 |     9 |     2 |       ||    32
       Distracted        |       |       |       |     1 |       |     2 |     2 |     3 |       ||     8
       Invisible         |       |       |       |       |     1 |     1 |       |     5 |     3 ||    10
       Held in net/web   |       |       |       |       |     1 |       |       |     1 |       ||     2
  Eat: Chunk             |     1 |     8 |    12 |    14 |    36 |    28 |    20 |    22 |     1 ||   142
       Fruit             |       |       |     2 |     9 |     1 |    16 |       |       |     2 ||    30
       Bread ration      |       |       |       |       |       |     1 |     1 |       |       ||     2
       Royal jelly       |       |       |       |       |       |       |     2 |       |       ||     2
       Meat ration       |       |       |       |       |       |       |     1 |       |       ||     1
       Beef jerky        |       |       |       |       |       |       |       |     3 |       ||     3
       Pizza             |       |       |       |       |       |       |       |       |     1 ||     1
Armor: Leather armour    |    28 |    42 |    29 |    58 |       |       |       |       |       ||   157
       Skin              |    18 |       |       |       |     3 |     5 |       |       |       ||    26
       Ring mail         |       |    36 |    58 |       |       |       |       |       |       ||    94
       Chain mail        |       |       |     2 |    67 |   259 |   315 |   275 |   311 |    58 ||  1287
Dodge: Dodged            |    52 |   124 |   237 |   556 |   555 |   774 |   648 |   628 |   119 ||  3693
       Deflected         |       |       |       |       |     3 |     8 |    52 |    42 |     2 ||   107
Block: Other             |       |       |       |    38 |       |       |       |       |       ||    38
       Reflection        |       |       |       |    10 |    25 |    14 |   105 |    51 |    10 ||   215
       Shield            |       |       |       |   113 |   780 |  1460 |  1306 |  1206 |   189 ||  5054
       Rpst.: Falchion   |    20 |    33 |    29 |    14 |     6 |       |     8 |       |       ||   110
       Long sword        |       |       |    48 |   118 |    27 |       |       |       |       ||   193
       Double sword      |       |       |       |       |    83 |   144 |    88 |    87 |    10 ||   412
       Scimitar          |       |       |       |       |     1 |     3 |       |       |       ||     4
